 Dungeon Crawl Stone Soup version 0.26.1-11-gd32895ea62 (webtiles) character file.

Game seed: 2486892949314513779

2482 bnorton916 the Frost Mage (level 9, -25/57 HPs)
             Began as a Barachi Ice Elementalist on June 8, 2021.
             Was a Follower of Cheibriados.
             Killed from afar by a fire giant (52 damage)
             ... with a bolt of fire
             ... on level 8 of the Dungeon.
             The game lasted 00:26:35 (11624 turns).

bnorton916 the Frost Mage (BaIE)                   Turns: 11624, Time: 00:26:36

Health: -25/57     AC:  8    Str: 14    XL:     9   Next: 51%
Magic:  5/18       EV: 13    Int: 21    God:    Cheibriados [*.....]
Gold:   123        SH:  0    Dex: 15    Spells: 3/20 levels left

rFire    . . .     SeeInvis .   G - +4 dagger
rCold    + . .     Faith    .   (no shield)
rNeg     . . .     Spirit   .   a - +0 robe
rPois    .         Reflect  .   K - +2 helmet
rElec    .         Harm     .   t - +1 cloak
rCorr    .         Rampage  .   b - +0 pair of gloves
Will     .....                  (no boots)
Stlth    ++........             E - amulet of the acrobat
HPRegen  0.19/turn              g - ring of protection from cold
MPRegen  0.16/turn              (no ring)

@: about to teleport, frozen ramparts, very slow
A: +LOS, swims, slowness 1, strong legs 1
a: Hop, Renounce Religion, Bend Time


You were on level 8 of the Dungeon.
You worshipped Cheibriados.
Cheibriados was aware of your devotion.
You visited 2 branches of the dungeon, and saw 9 of its levels.

You collected 297 gold pieces.
You spent 174 gold pieces at shops.

Inventory:

Hand Weapons
 j - a +1 dagger of venom
 z - a +1 mace of protection
 F - a cursed +4 scimitar
 G - a +4 dagger (weapon)
 I - a +1 short sword of venom
 L - a +0 great sword
Missiles
 q - 15 poisoned darts
 J - 12 boomerangs
Armour
 a - a +0 robe (worn)
 b - a +0 pair of gloves (worn)
 h - a +0 plate armour of poison resistance
 r - a +0 leather armour
 t - a +1 cloak (worn)
 H - a +0 scale mail of poison resistance
 K - a +2 helmet (worn)
Magical Staves
 c - an uncursed staff of conjuration {unknown}
 s - an uncursed staff of poison
Jewellery
 g - a ring of protection from cold (left hand)
 E - an amulet of the acrobat (around neck)
Wands
 n - a wand of flame (24)
Scrolls
 f - a scroll of teleportation
 k - a scroll of remove curse {unknown}
 m - a scroll of magic mapping
 p - 2 scrolls of fear
 u - a scroll of noise {unknown}
 v - a scroll of enchant weapon {unknown}
 w - 2 scrolls of fog
 y - 2 scrolls of amnesia
 B - a scroll of immolation {unknown}
Potions
 d - 3 potions of curing
 e - 2 potions of flight
 i - 2 potions of attraction
 l - a potion of ambrosia
 o - a potion of magic
 A - 2 potions of mutation
 C - a potion of might
 D - a potion of berserk rage {unknown}


   Skills:
 + Level 2.8 Armour
 - Level 2.1 Dodging
 - Level 1.7 Stealth
 - Level 6.2 Spellcasting
 + Level 6.9 Conjurations
 + Level 7.6 Summonings
 - Level 8.5 Ice Magic


You had 3 spell levels left.
You knew the following spells:

 Your Spells              Type           Power        Failure   Level
a - Freeze                Ice            100%         1%          1
b - Frozen Ramparts       Ice            84%          1%          3
c - Ozocubu's Armour      Ice            42%          1%          3
d - Hailstorm             Conj/Ice       38%          4%          4
e - Summon Ice Beast      Ice/Summ       40%          3%          4
f - Call Imp              Summ           38%          1%          2

Your spell library contained the following spells:

 Spells                   Type           Power        Failure   Level
 Magic Dart               Conj           100%         1%          1
 Shock                    Conj/Air       84%          2%          1
 Conjure Flame            Conj/Fire      21%          7%          3
 Static Discharge         Conj/Air       21%          7%          3
 Mephitic Cloud           Conj/Pois/Air  16%          11%         3
 Blink                    Tloc           N/A          14%         2
 Slow                     Hex            6%           14%         2
 Swiftness                Air            6%           14%         2
 Lightning Bolt           Conj/Air       10%          54%         5
 Airstrike                Air            3%           67%         4


Dungeon Overview and Level Annotations

Branches:
Dungeon (8/15)             Temple (1/1) D:6
   Lair: D:8-11

Altars:
Ashenzari
Cheibriados
Dithmenos
Elyvilon
Fedhas
Gozag
Kikubaaqudgha
Makhleb
Nemelex Xobeh
Okawaru
Qazlal
Ru
Trog
Uskayaw
Vehumet
Wu Jian
Xom
Yredelemnul
Zin
The Shining One

Shops:
D:5 ?   D:7 !

Annotations:
D:8 1 runed translucent door, hawla's ghost, journeyman DrCj


Innate Abilities, Weirdness & Mutations

You can be seen from farther away. (+LOS)
You can swim through water.
You cover ground slowly.
You can hop short distances.


Message History

Casting: Frozen Ramparts (safe; 1% risk of failure)
Press: ? - help, Dir - look around, f - activate The walls around you are covered in ice.
The wall freezes the fire giant!
The fire giant points at you and mumbles some strange words.
The bolt of fire misses you.
The tree burns like a torch!
The wall freezes the two-headed ogre!
Casting: Frozen Ramparts (safe; 1% risk of failure)
Confirm with . or Enter, or press ? or * to list all spells.
Aiming: Freeze (safe; 1% risk of failure)
Press: ? - help, Shift-Dir - straight line, f - fire giant
Aim: a fire giant, wielding a +1 great sword of flaming (almost dead)
You freeze the fire giant!
The fire giant is almost dead.
The wall freezes the fire giant.
The fire giant casts a spell at you. The bolt of fire hits you!!!
Your icy armour melts away.
Ouch! That really hurt!
You die...

.##.##.#########........###....#
....##.##...................##.##
.#####.##..#####......####..#....
.# #..#....####....###...##..##
.#####.........)[†....†....##..#
.......###################..)..##
.#####.# #.....# ♣.♣ #.##.... .#
#.# #.♣♣§.# ♣.♣ #.##..## .# #.#
#..@..# ♣.♣ #....... .# #.#
##C##.#♣♣.♣♣#.....## .# #.# #†
#.#♣...♣#.##.## .# #^# #.
#.#.....#.##.# .# #.. ##
#.#.P.....##.### .# #..
#....≈P...##.... .# #..
###.PP.....###.. .#
#.....#...(... .# #♣...♣#.######


You could see a fire giant.

Vanquished Creatures
  Prince Ribbit (D:7)
  Sigmund (D:5)
  2 orc warriors
  A sky beast (D:7)
  A black bear (D:8)
  A phantom (D:6)
  An ogre (D:5)
  A centaur (D:7)
  A big kobold (D:8)
  3 bullfrogs
  A scorpion (D:8)
  A wight (D:6)
  A hound (D:6)
  2 orc priests (D:3)
  A centaur skeleton (D:8)
  A gnoll shaman (D:5)
  3 iguanas
  3 orc wizards
  4 worker ants
  3 hound skeletons
  A hound zombie (D:5)
  5 gnolls (D:5)
  13 adders
  A howler monkey skeleton (D:6)
  A shadow imp (D:5)
  A white imp (D:8)
  2 ufetubi
  An ooze (D:1)
  An adder zombie (D:4)
  2 adder skeletons
  3 worms
  2 dart slugs (D:3)
  5 leopard geckos
  24 orcs
  10 giant cockroaches
  2 goblins (D:2)
  10 hobgoblins
  4 jackals
  7 quokkas
  3 ball pythons
  6 bats
  3 frilled lizards
  2 jackal skeletons
  15 kobolds
  8 rats
165 creatures vanquished.

Vanquished Creatures (collateral kills)
  An ice beast (D:6)
  An orc warrior (D:7)
  A black bear (D:8)
  12 wights
  A centaur zombie (D:7)
  An orc (D:7)
17 creatures vanquished.

Vanquished Creatures (others)
  4 plants (D:8)
4 creatures vanquished.

Grand Total: 186 creatures vanquished

Notes
Turn   | Place    | Note
-------+----------+-------------------------------------------
     0 | D:1      | bnorton916 the Barachi Ice Elementalist began the quest for
                  | the Orb.
     0 | D:1      | Reached XP level 1. HP: 13/13 MP: 3/3
   393 | D:1      | Reached skill level 5 in Ice Magic
   393 | D:1      | Reached XP level 2. HP: 13/19 MP: 1/5
   774 | D:2      | Found a faded altar of an unknown god.
   790 | D:1      | Reached XP level 3. HP: 19/24 MP: 0/7
  1426 | D:2      | Reached XP level 4. HP: 29/30 MP: 6/9
  1859 | D:2      | Reached skill level 6 in Ice Magic
  2032 | D:2      | Found a blossoming altar of Fedhas.
  2382 | D:2      | Learned a level 3 spell: Frozen Ramparts
  2386 | D:2      | Learned a level 3 spell: Ozocubu's Armour
  2391 | D:3      | Reached XP level 5. HP: 32/35 MP: 4/11
  3664 | D:3      | Reached XP level 6. HP: 41/41 MP: 8/12
  3866 | D:4      | Reached skill level 7 in Ice Magic
  4327 | D:4      | Noticed a phantom
  4577 | D:5      | Entered Level 5 of the Dungeon
  4605 | D:5      | Reached skill level 5 in Spellcasting
  4678 | D:5      | Reached XP level 7. HP: 46/46 MP: 15/15
  4891 | D:5      | Noticed Sigmund
  4908 | D:5      | Killed Sigmund
  4909 | D:5      | Reached skill level 8 in Ice Magic
  5317 | D:5      | Learned a level 4 spell: Hailstorm
  5322 | D:5      | Learned a level 4 spell: Summon Ice Beast
  5595 | D:5      | Reached skill level 1 in Conjurations
  5595 | D:5      | Reached skill level 1 in Summonings
  5803 | D:5      | Learned a level 2 spell: Call Imp
  6043 | D:5      | Found Tyucuf's Magic Scroll Boutique.
  6048 | D:5      | Bought a scroll of amnesia for 38 gold pieces
  6048 | D:5      | Bought 2 scrolls of identify for 44 gold pieces
  6048 | D:5      | Bought a scroll of identify for 22 gold pieces
  6048 | D:5      | Bought a scroll of identify for 22 gold pieces
  6393 | D:6      | Reached XP level 8. HP: 52/52 MP: 9/17
  7095 | D:6      | Found a staircase to the Ecumenical Temple.
  7274 | Temple   | Entered the Ecumenical Temple
  7354 | Temple   | Became a worshipper of Cheibriados the Contemplative
  7789 | D:7      | Found Ymozarch's Distillery.
  7874 | D:7      | Bought a potion of might for 48 gold pieces
  7898 | D:7      | Found a glowing silver altar of Zin.
  8240 | D:6      | Reached skill level 5 in Summonings
  8995 | D:7      | Noticed Prince Ribbit
  9013 | D:7      | Killed Prince Ribbit
  9014 | D:7      | Reached skill level 5 in Conjurations
  9112 | D:7      | Reached XP level 9. HP: 57/57 MP: 4/18
 10709 | D:8      | Found a runed translucent door.
 10709 | D:8      | Noticed hawla's ghost (journeyman DrCj)
 10734 | D:8      | Reached * piety under Cheibriados
 10775 | D:8      | Reached skill level 1 in Armour
 11018 | D:8      | Found a stormy altar of Qazlal.
 11609 | D:8      | Noticed a fire giant
 11609 | D:8      | Noticed a two-headed ogre
 11624 | D:8      | Killed from afar by a fire giant

Illustrated notes

Levels and vault maps discovered:
D:1:      eino_arrival_druids_welcome, layout_basic,
          corexii_item_surrounded_by_moat
D:2:      layout_loops_cross, chequers_ecumenical_altar_island, fedhas_altar_3
D:3:      layout_loops_ring
D:4:      layout_rooms, serial_bayou_crossing
D:5:      layout_basic, serial_shops, shop, minmay_misc_feat_x,
          amcnicky_mini_pool_small, uniq_sigmund
D:6:      layout_loops_ring, minmay_temple_entry_large_hall
D:7:      layout_rooms, general_overflow_altar, serial_shops, shop,
          uniq_prince_ribbit1
D:8:      nzn_winding_woodlands_small [nzn_winding_woodlands_5x15_garden,
          nzn_winding_woodlands_center_lodge,
          nzn_winding_woodlands_5x15_sidewinder], layout_loops_ring,
          nicolae_qazlal_general_emergency, hellmonk_ghost_happy_afterlife,
          kennysheep_generic_room_12
Temple:   dpeg_five_rooms_temple

Skill      XL: |  1  2  3  4  5  6  7  8  9 |
---------------+----------------------------+-----
Ice Magic      | 5 6 7 8 |  8.5
Spellcasting   | 3 4 5 6 |  6.2
Conjurations   | 2 5 6 |  6.9
Summonings     | 2 6 7 |  7.6
Armour         | 2 |  2.8
Dodging        | |  2.1
Stealth        | |  1.7

Action                   |  1- 3 |  4- 6 |  7- 9 || total
-------------------------+-------+-------+-------++-------
Melee: Unarmed           |    13 |     2 |       ||    15
       Dagger            |       |    77 |   101 ||   178
       Mace              |       |       |    27 ||    27
 Cast: Freeze            |    43 |    59 |    40 ||   142
       Frozen Ramparts   |       |    11 |    33 ||    44
       Ozocubu's Armour  |       |       |     6 ||     6
       Summon Ice Beast  |       |       |    48 ||    48
       Hailstorm         |       |       |     2 ||     2
 Abil: Hop               |     2 |       |     3 ||     5
  Use: Potion            |     1 |       |     2 ||     3
       Scroll            |       |       |    16 ||    16
 Stab: Sleeping          |       |     3 |     1 ||     4
Armor: Robe              |    19 |    33 |    68 ||   120
Dodge: Dodged            |    47 |    91 |   205 ||   343
